 Dungeon Crawl Stone Soup version 0.22-b1-21-g5cfc168 (webtiles) character file.

38 Lew the Grave Robber (level 3, -2/25 HPs)
             Began as a Demonspawn Necromancer on Aug 5, 2018.
             Slain by an adder (3 damage)
             ... on level 2 of the Dungeon.
             The game lasted 00:27:11 (1871 turns).

Lew the Grave Robber (Demonspawn Necromancer)       Turns: 1871, Time: 00:27:12

Health: -2/25      AC:  4    Str:  8    XL:     3   Next: 25%
Magic:  6/6        EV: 12    Int: 17    God:
Gold:   80         SH:  0    Dex: 13    Spells: 5/6 levels left

rFire    . . .     SeeInvis .   k - +1 mace (crush)
rCold    . . .     Gourm    +   (no shield)
rNeg     . . .     Faith    .   e - +0 robe
rPois    .         Spirit   .   (no helmet)
rElec    .         Reflect  .   (no cloak)
rCorr    .         Harm     .   (no gloves)
MR       .....                  (no boots)
Stlth    ++........             g - amulet of the gourmand
HPRegen  0.08/turn              (no ring)
MPRegen  0.10/turn              (no ring)

@: lethally poisoned (-2 -> -9)
A: thin metallic scales 1
a: no special abilities


You were on level 2 of the Dungeon.
You were not hungry.

You visited 1 branch of the dungeon, and saw 2 of its levels.

You collected 80 gold pieces.

Inventory:

Hand Weapons
 k - a +1 mace of crushing (weapon)
Missiles
 d - 2 needles of confusion (quivered)
 h - 37 stones
Armour
 e - a +0 robe (worn)
Jewellery
 g - an amulet of the gourmand (around neck)
Scrolls
 a - 3 scrolls of identify
 b - a scroll of amnesia
 i - a scroll of enchant weapon {unknown}
 j - 3 scrolls of remove curse {unknown}
Comestibles
 c - 2 rations


   Skills:
 + Level 0.5 Fighting
 + Level 0.1 Maces & Flails
   Level 0.7 Polearms
 + Level 2.1 Dodging
 + Level 2.0 Stealth
 + Level 2.1 Spellcasting
 + Level 4.9 Necromancy


You had 5 spell levels left.
You knew the following spells:

 Your Spells              Type           Power        Failure   Level  Hunger
a - Pain                  Necr           ###.         2%          1    #......

Your spell library contained the following spells:

 Spells                   Type           Power        Failure   Level  Hunger
 Animate Dead             Necr           N/A          24%         4    #####..
 Animate Skeleton         Necr           N/A          2%          1    #......
 Vampiric Draining        Necr           ###.......   8%          3    ###....
 Regeneration             Chrm/Necr      ##........   21%         3    ###....


Dungeon Overview and Level Annotations

Branches:
Dungeon (2/15)

Altars:


Innate Abilities, Weirdness & Mutations

You are partially covered in thin metallic scales. (AC +2)


Message History

The adder bites you.
You closely miss the adder. The adder bites you.
* * * LOW HITPOINT WARNING * * *
The adder bites you.
* * * LOW HITPOINT WARNING * * *
You hit the adder.
The adder is heavily wounded.
You feel less wooden.
Your +0 robe unmelds from your body.
The adder bites you.
* * * LOW HITPOINT WARNING * * *
You are poisoned.
The adder poisons you! The adder bites you.
* * * LOW HITPOINT WARNING * * *
You are more poisoned.
The adder poisons you! The adder bites you but does no damage.
You closely miss the adder.
The adder is heavily wounded.
* * * LOW HITPOINT WARNING * * *
You feel sick. The adder bites you.
You die...

..###.#.#
#####...#...##
......(.# #...#####
#####.### #...# #.#
#...# #.# ##^##
#.###########..
#....>......#.##
#....)..###.#.####
.....†###.......@....#
#.###.##.....##SS..#.#
#.##.....##......#
#...................
#.......###.....#...
#######.# ##...## ##
... ##.## #.# .# ..#


You could see 2 adders.

Vanquished Creatures
  An adder (D:2)
  A dart slug (D:2)
  A leopard gecko (D:2)
  A bat (D:1)
  A giant cockroach (D:1)
  3 goblins (D:1)
  2 hobgoblins
  2 jackals (D:2)
  3 kobolds (D:1)
  2 ball pythons (D:1)
  5 frilled lizards
  4 rats (D:1)
26 creatures vanquished.

Notes
Turn   | Place    | Note
-------+----------+-------------------------------------------
     0 | D:1      | Lew the Demonspawn Necromancer began the quest for the Orb.
     0 | D:1      | Reached XP level 1. HP: 13/13 MP: 3/3
   925 | D:1      | Gained mutation: You are partially covered in thin metallic scales. (AC +2) [demonic ancestry]
   925 | D:1      | Reached XP level 2. HP: 13/19 MP: 5/5
  1375 | D:1      | You fall through a shaft!
  1499 | D:2      | Reached XP level 3. HP: 10/25 MP: 6/6
  1871 | D:2      | HP: 1/25 [poisoned by an adder]
  1871 | D:2      | Slain by an adder

Skill      XL: |  1  2  3 |
---------------+----------+-----
Dodging        | 2 |  2.1
Stealth        | 2 |  2.0
Fighting       | |  0.5
Maces & Flails | |  0.1
Polearms       | |  0.7
Spellcasting   | |  2.1
Necromancy     | |  4.9

Action                   || total
-------------------------++-------
Melee: Spear             ||    97
       Club              ||    15
       Mace              ||    21
  Use: Scroll            ||     2
       Potion            ||     2
 Stab: Sleeping          ||     2
  Eat: Ration            ||     1
Armor: Robe              ||    50
       Skin              ||     2
Dodge: Dodged            ||   102
